 Dungeon Crawl Stone Soup version bcrawl-1.31.4 (webtiles) character file.

Game seed: 13249700117549036874

135829 Morbidden the Sneak (level 3, 0/20 HPs)
             Began as a Vine Stalker Archaeologist on June 10, 2021.
             Slain by an adder (1 damage)
             ... on level 2 of the Dungeon.
             The game lasted 00:01:11 (1125 turns).

Morbidden the Sneak (Vine Stalker Archaeologist)    Turns: 1125, Time: 00:01:12

Health: 0/20       AC:  6    Str: 14    XL:     3   Next: 83%
Magic:  4/4        EV: 13    Int: 14    God:
Gold:   102        SH:  0    Dex: 12    Spells: 2/2 levels left

rFire    . . .     SeeInvis .   a - +0 whip
rCold    . . .     Gourm    .   (no shield)
rNeg     . . .     Faith    .   c - +1 robe
rPois    .         Spirit   .   d - +1 hat
rElec    .         Reflect  .   (no cloak)
rCorr    .         Harm     .   (no gloves)
MR       .....                  k - +1 pair of boots
Stlth    +++.......             (no amulet)
HPRegen  0.46/turn              (no ring)
MPRegen  0.09/turn              (no ring)

@: lethally poisoned (0 -> -3)
A: fangs 2, regeneration 1, no potion heal 3, rot immunity, strong jaws
a: no special abilities


You were on level 2 of the Dungeon.
You were not hungry.

You visited 1 branch of the dungeon, and saw 2 of its levels.

You collected 102 gold pieces.

Inventory:

Hand Weapons
 a - a +0 whip (weapon)
 b - a +0 blowgun
Missiles
 f - 6 curare-tipped needles
 s - 78 poisoned needles
Armour
 c - a +1 robe (worn)
 d - a +1 hat (worn)
 k - a +1 pair of boots (worn)
Jewellery
 m - an uncursed ring of magical power {unknown}
 r - a +3 ring of evasion {unknown}
Scrolls
 g - 2 scrolls of magic mapping
 i - a scroll of identify
 n - a scroll of noise {unknown}
 o - 2 scrolls of amnesia {unknown}
 q - a scroll of remove curse {unknown}
Potions
 l - a potion of flight {unknown}
 p - a potion of invisibility {unknown}
Miscellaneous
 h - a dusty tome
Comestibles
 e - 2 rations {!d}
 j - 2 chunks of flesh


   Skills:
 * Level 1.2 Fighting
 + Level 1.7 Maces & Flails
 + Level 3.6 Dodging
 + Level 5.6 Stealth


You had 2 spell levels left.
You didn't know any spells.
Your spell library was empty.

Dungeon Overview and Level Annotations

Branches:
Dungeon (2/12)

Altars:


Innate Abilities, Weirdness & Mutations

You have extremely sharp teeth.
Your natural rate of healing is unusually fast.
Potions cannot restore your health.
You are immune to rotting.
Your bites deal extra damage.


Message History

Firing (i - inventory. (/) - cycle)
s - 79 poisoned needles (quivered)
Press: ? - help, Shift-Dir - straight line, f/p - adder
Aim: an adder (lightly wounded, poisoned)
You shoot a poisoned needle. The poisoned needle hits the adder.
The adder looks more poisoned.
The adder is lightly wounded.
You feel sick.
The adder looks more healthy.
The adder closely misses you. The adder bites you but does no damage.
No path to travel!
No path to travel!
a - a +0 whip (weapon)
The adder bites you.
* * * LOW HITPOINT WARNING * * *
You barely miss the adder. Your bite misses the adder.
The adder is moderately wounded.
* * * LOW HITPOINT WARNING * * *
You feel sick.
You kill the hobgoblin!
The adder bites you.
You die...

.# #.# #..#.# .#
#.##########รท.#.#
.####.#...........#.#
........#########.#.######
.####.### #.........# ##
#.# ##.#.####.# #.# #....#
..# #.#### ### #@# #S# #S#
#)# #.# ### #.##.. #.#.# #
#######..# .# !........#
..##


You could see 2 adders.

Vanquished Creatures
  An ooze (D:1)
  5 dart slugs
  2 leopard geckos (D:1)
  3 giant cockroaches
  2 goblins
  6 hobgoblins
  A ball python (D:2)
  A bat (D:1)
  5 frilled lizards
  3 kobolds (D:1)
  9 rats (D:1)
38 creatures vanquished.

Notes
Turn   | Place    | Note
-------+----------+-------------------------------------------
     0 | D:1      | Morbidden the Vine Stalker Archaeologist began the quest
                  | for the Orb.
     0 | D:1      | Reached XP level 1. HP: 11/11 MP: 2/2
   107 | D:1      | Reached skill level 5 in Stealth
   107 | D:1      | Reached XP level 2. HP: 16/16 MP: 3/3
   119 | D:1      | Reached skill level 1 in Maces & Flails
   234 | D:1      | Reached skill level 1 in Fighting
   356 | D:1      | Reached XP level 3. HP: 20/20 MP: 4/4
  1097 | D:2      | Noticed a sky beast
  1125 | D:2      | HP: 1/20 [poisoned by an adder]
  1125 | D:2      | Slain by an adder

Skill      XL: |  1  2 |
---------------+-------+-----
Stealth        | 5 |  5.6
Maces & Flails | 1 |  1.7
Fighting       | 1 |  1.2
Dodging        | |  3.6

Action                   || total
-------------------------++-------
Melee: Whip              ||   114
       Bite              ||     8
 Fire: Blowgun           ||    13
 Stab: Sleeping          ||    17
  Eat: Chunk             ||     4
Armor: Robe              ||    28
Dodge: Dodged            ||    73
